 Dungeon Crawl Stone Soup version 0.31.0 (webtiles) character file.

Game seed: 17392309166908147629

259 qw the Shooter (level 6, 0/38 HPs)
             Began as a Gargoyle Hunter on Jan 19, 2024.
             Incinerated by a bombardier beetle (3 damage)
             ... with a burning spray
             ... on level 3 of the Dungeon.
             The game lasted 00:00:08 (1779 turns).

qw the Shooter (Gargoyle Hunter)                    Turns: 1779, Time: 00:00:09

Health: 0/38       AC:  9    Str: 20    XL:     6   Next: 17%
Magic:  6/6        EV: 11    Int: 10    God:
Gold:   156        SH:  0    Dex: 15    Spells: 5/5 levels left

rFire   . . .        a - +0 shortbow
rCold   . . .        (shield currently unavailable)
rNeg    + . .        f - +0 ring mail
rPois   inf          (no helmet)
rElec   +            (no cloak)
rCorr   .            (no gloves)
SInv    .            (no boots)
Will    .....        c - amulet of the acrobat
Stlth   +            k - +6 ring of strength
HPRegen 0.26/turn    (no ring)
MPRegen 0.10/turn

%: acrobat
@: on fire, glowing
A: sickness immunity, AC +4, negative energy resistance 1, electricity
resistance, torment resistance 1, petrification resistance
a: no special abilities


You were on level 3 of the Dungeon.
You visited 1 branch of the dungeon, and saw 3 of its levels.

You collected 156 gold pieces.


Innate Abilities, Weirdness & Mutations

You are immune to sickness and miasma.
Your stone body is resilient. (AC +4)
You are immune to poison.
You resist negative energy. (rN+)
You are resistant to electric shocks. (rElec)
You are resistant to unholy torment.
You are immune to petrification.


   Skills:
 - Level 4.3 Fighting
 + Level 6.1 Ranged Weapons
 - Level 1.4 Armour
 - Level 1.5 Dodging
 - Level 1.1 Stealth


You had 5 spell levels left.
You didn't know any spells.
Your spell library was empty.

Inventory:

Hand Weapons
 a - a +0 shortbow (weapon)
Armour
 f - a +0 ring mail (worn)
Jewellery
 c - an amulet of the acrobat (around neck)
 i - a ring of willpower
 k - a +6 ring of strength (left hand)
Wands
 b - a wand of iceblast (11)
Scrolls
 g - a scroll of identify
Potions
 e - a potion of lignification {unknown}
 h - a potion of mutation {unknown}

Dungeon Overview and Level Annotations

Branches:
Dungeon (3/15)

Altars:


Message History

The bombardier beetle sprays incendiary fluid at you.
The burning spray hits you.
You are covered in liquid fire!
A ball python comes into view.
You shoot an arrow. The ball python hisses angrily.
The arrow hits the bombardier beetle but does no damage.
The bombardier beetle is almost dead.
The liquid fire burns you!
The bombardier beetle bites you but does no damage.
You shoot an arrow.
The arrow hits the bombardier beetle but does no damage.
The bombardier beetle is almost dead.
The liquid fire burns you!
You shoot an arrow.
The arrow completely misses the bombardier beetle.
The liquid fire burns you!
The bombardier beetle barely misses you.
You shoot an arrow.
The arrow hits the bombardier beetle but does no damage.
The bombardier beetle is almost dead.
The liquid fire burns you! The bombardier beetle bites you.
You shoot an arrow.
The arrow barely misses the bombardier beetle.
The arrow closely misses the ball python.
The liquid fire burns you!
The bombardier beetle bites you but does no damage.
You shoot an arrow. The arrow hits the bombardier beetle.
You kill the bombardier beetle!
The liquid fire burns you!
Your Fighting skill increases to level 4!
You shoot an arrow. The arrow hits the adder!
The adder is severely wounded.
The liquid fire burns you! The adder bites you but does no damage.
You shoot an arrow. The arrow hits the adder.
The adder is almost dead.
The liquid fire burns you!
You die...

.#.######...
.#.%.......######..
.#.######..#....#.#
. .#.# #..#....#..
.. .#.###
#..#....#.# ...
.....#
#..#....#.##..
...#.# #..#....#.).
..##.####..###'##S#
...#....#.......@S#
....###.#'#.#..(.##
....###.......####
###..##.......#
####.##.......#
..##..........#
..####.#......#
..'...)+......#
..####.#......#
######


You could see an adder and a ball python.

Vanquished Creatures
  A scorpion (D:3)
  A bombardier beetle (D:3)
  7 gnolls
  2 adders (D:2)
  2 dart slugs
  3 ribbon worms
  An orc (D:3)
  4 endoplasms
  3 giant cockroaches (D:1)
  9 goblins
  5 hobgoblins
  11 jackals
  3 kobolds
  2 quokkas
  4 ball pythons
  8 bats
  A frilled lizard (D:1)
  5 rats
72 creatures vanquished.

Notes
Turn   | Place    | Note
-------+----------+-------------------------------------------
     0 | D:1      | qw the Gargoyle Hunter began the quest for the Orb.
     0 | D:1      | Reached XP level 1. HP: 12/12 MP: 1/1
     0 | D:1      | 0 ||| qw: Version: 0.3-a-132-g3d54051
     0 | D:1      | 0 ||| qw: Game counter: 289
     0 | D:1      | 0 ||| qw: Melee chars always use a shield: true
     0 | D:1      | 0 ||| qw: God list: Okawaru
     0 | D:1      | 0 ||| qw: Allow faded altars: false
     0 | D:1      | 0 ||| qw: Do Orc after clearing Dungeon:15 true
     0 | D:1      | 0 ||| qw: Do second Lair branch before Depths: true
     0 | D:1      | 0 ||| qw: Lair rune preference: random
     0 | D:1      | 0 ||| qw: Goals: Normal
     0 | D:1      | 0 ||| PLANNING D:1-11
    74 | D:1      | Reached XP level 2. HP: 17/17 MP: 2/2
   499 | D:1      | 499 ||| UPGRADING to +0 ring mail.
   509 | D:1      | 509 ||| DROPPING +0 leather armour.
   510 | D:1      | 510 ||| READING scroll labelled FOROCI QEANIME.
   611 | D:1      | 611 ||| DROPPING scroll of butterflies.
   617 | D:2      | 617 ||| STAIRDANCE
   621 | D:1      | Reached XP level 3. HP: 21/21 MP: 3/3
   623 | D:2      | 623 ||| STAIRDANCE
   668 | D:2      | Reached skill level 1 in Armour
   737 | D:2      | Reached skill level 5 in Ranged Weapons
   854 | D:2      | Reached XP level 4. HP: 27/27 MP: 4/4
   863 | D:2      | Reached skill level 3 in Fighting
   983 | D:2      | 983 ||| FLEEEEING.
  1318 | D:2      | 1318 ||| UPGRADING to amulet of the acrobat.
  1323 | D:2      | 1323 ||| UPGRADING to +6 ring of strength.
  1324 | D:2      | 1324 ||| READING scroll labelled JAYNWASAUS.
  1325 | D:2      | 1325 ||| FLEEEEING.
  1329 | D:2      | 1329 ||| READING scroll labelled LUEBRI SESTU.
  1330 | D:2      | 1330 ||| READING scroll labelled ASIPRY GEHO.
  1330 | D:2      | 1330 ||| IDENTIFYING smoky ruby potion
  1331 | D:2      | 1331 ||| READING scroll labelled ROBARENAOC.
  1393 | D:3      | Reached XP level 5. HP: 32/32 MP: 5/5
  1483 | D:3      | Reached skill level 6 in Ranged Weapons
  1681 | D:3      | 1681 ||| FLEEEEING.
  1757 | D:3      | HP: 7/32 [gnoll/+0 spear (6)]
  1758 | D:3      | 1758 ||| DRINKING potion of heal wounds.
  1767 | D:3      | Reached XP level 6. HP: 29/38 MP: 6/6
  1777 | D:3      | HP: 5/38 [burnt (6)]
  1778 | D:3      | HP: 2/38 [burnt (3)]
  1779 | D:3      | Incinerated by a bombardier beetle

Levels and vault maps discovered:
D:1:      lightli_iron_boxes, layout_basic
D:2:      layout_basic, minmay_tiny_reverse_x
D:3:      layout_basic, grunt_temple_overflow_magic_moments, nrook_mini_vaults

Skill      XL: |  1  2  3  4  5  6 |
---------------+-------------------+-----
Armour         | 1 |  1.4
Ranged Weapons | 5 6 |  6.1
Fighting       | 3 4 |  4.3
Dodging        | |  1.5
Stealth        | |  1.1

Action                     |  1- 3 |  4- 6 || total
---------------------------+-------+-------++-------
   Fire: Shortbow          |   124 |   137 ||   261
    Use: Scroll            |     1 |     4 ||     5
         Potion            |       |     1 ||     1
 Armour: Leather armour    |    11 |       ||    11
         Ring mail         |    29 |    58 ||    87
  Dodge: Dodged            |    44 |    32 ||    76

Table legend:
 A = Non-vault XP
 B = Vault XP
 C = Vault XP percentage of total XP
 D = Non-vault monster count
 E = Vault monster count
 F = Vault count percentage of total count
                 A         B        C        D         E       F
            +---------+---------+-------+---------+---------+-------
      Total |     355 |      15 |   4.1 |      70 |       2 |   2.8
            +---------+---------+-------+---------+---------+-------
        D:1 |      36 |       0 |   0.0 |      22 |       0 |   0.0
        D:2 |     100 |      15 |  13.0 |      26 |       2 |   7.1
        D:3 |     219 |       0 |   0.0 |      22 |       0 |   0.0
            +---------+---------+-------+---------+---------+-------
